Description

A build for TZ vs TZ

Replay - Napolitain TZ v TZ gas first into fast hellion

Build Order

Get SALT Encoding   

  12  0:00  SCV  
  13  0:12  SCV  
  14  0:16  Supply Depot  
  14  0:24  SCV  
  15  0:30  Refinery  
  15  0:38  SCV  
  16  0:44  Barracks  
  16  0:53  SCV  
  17  1:05  SCV  
  18  1:17  SCV  
  19  1:31  Orbital Command  
  19  1:33  Factory  
  19  1:51  Barracks Reactor  
  18  2:02  Command Center  
  18  2:04  SCV  
  19  2:17  SCV  
  20  2:31  Hellion  
  20  2:33  SCV  
  23  2:37  Supply Depot  
  23  2:39  Barracks Tech Lab, Factory  
  23  2:51  Refinery  
  23  2:59  Hellion x2  
  29  3:18  Orbital Command  
  29  3:22  Hellion x2  
  34  3:29  Infernal Pre-Igniter  
  35  3:46  Orbital Command  
  38  3:51  Hellion x2  
  40  3:57  Cyclone  
  43  4:06  Barracks Tech Lab  
  45  4:19  Factory  
  47  4:32  Supply Depot  
  47  4:35  Refinery  
  47  4:36  Siege Tank  
  51  4:42  Hellion  
  54  4:52  Supply Depot  
  54  4:54  Hellion  
  54  4:58  Refinery  
  54  5:09  Supply Depot  
  56  5:18  Siege Tank  
  56  5:21  Hellion  
  48  5:33  Siege Tank  
  52  5:55  Armory x2  
  52  5:57  Siege Tank  
  50  6:12  Siege Tank  
Spawning Tool Build Advisor. Get it on Overwolf

Go to:

Details

  • Created by: Napolitain
  • Published on: Aug 19, 2021
  • Modified on: Aug 19, 2021
  • Patch: 4.11.0
  • Difficulty: Medium
Show
View Real Time Build Order
Export as new Build Order

Comments (4)

On Aug. 24, 2021, 2:15 p.m., Strikhue  said:

Thx for your comments Napolitain! I like you build a lot <3

On Aug. 24, 2021, 1:06 p.m., Napolitain  said:

Okay so the replay i sent involved a cheese so i cancelled orbital to lift during the attack then made orbital again!

Btw, i'd probably get a cyclone before blue flame if i dont see cheese like ling flood.

The build is good if you do a ling flood attack with your friend + hellion cyclone.
Then I go tank hellbats, although bc may be possible too.

On Aug. 24, 2021, 1 p.m., Napolitain  said:

Mhhh i think replay has been parsed with bugs so i'll check

On Aug. 24, 2021, 4:11 a.m., Strikhue  said:

I don't see how you can have 3 Orbital Commands with only 2 Command Centers!?

(35 3:46 Orbital Command) Should that be a Command Center?

Create an account to comment!